 Dungeon Crawl Stone Soup version 0.22.1-1-ga44c0e5 (webtiles) character file.

147 Fang the Chopper (level 5, 0/33 HPs)
             Began as a Gargoyle Berserker on Oct 3, 2018.
             Was a Believer of Trog.
             Slain by Grinder (6 damage)
             ... on level 3 of the Dungeon.
             The game lasted 00:02:21 (2738 turns).

Fang the Chopper (Gargoyle Berserker)               Turns: 2738, Time: 00:02:21

Health: 0/33       AC:  6    Str: 28    XL:     5   Next: 29%
Magic:  5/5        EV: 12    Int:  7    God:    Trog [**....]
Gold:   107        SH:  0    Dex:  9    Spells: 4/4 levels left

rFire    . . .     SeeInvis .   a - +0 hand axe
rCold    . . .     Gourm    .   (no shield)
rNeg     + . .     Faith    .   b - +0 animal skin
rPois    ∞         Spirit   .   (no helmet)
rElec    +         Reflect  .   (no cloak)
rCorr    .         Harm     .   (no gloves)
MR       .....                  (no boots)
Stlth    ++........             (no amulet)
HPRegen  0.11/turn              h - ring of stealth
MPRegen  0.09/turn              g - +6 ring of strength

@: berserk cooldown, slowed, very slow
A: negative energy resistance 1, electricity resistance, unbreathing,
petrification resistance, rot immunity, AC +4
a: Berserk, Trog's Hand, Renounce Religion


You were on level 3 of the Dungeon.
You worshipped Trog.
Trog was pleased with you.
You were not hungry.

You visited 1 branch of the dungeon, and saw 3 of its levels.

You collected 107 gold pieces.

Inventory:

Hand Weapons
 a - a +0 hand axe (weapon)
Armour
 b - a +0 animal skin (worn)
Jewellery
 d - a +4 ring of evasion
 g - a +6 ring of strength (right hand)
 h - a ring of stealth (left hand)
Scrolls
 e - a scroll of identify {unknown}
 f - 2 scrolls of amnesia {unknown}
 i - 3 scrolls of remove curse {unknown}
 k - a scroll of teleportation {unknown}
 m - a scroll of random uselessness {unknown}
 n - a scroll of enchant weapon {unknown}
Potions
 j - a potion of might {unknown}
 l - 2 potions of resistance {unknown}
 o - a potion of haste {unknown}
 p - a potion of flight {unknown}
Comestibles
 c - 3 rations


   Skills:
 + Level 4.1 Fighting
 + Level 4.2 Axes
 + Level 2.3 Armour
 + Level 2.2 Dodging
 + Level 1.3 Stealth


You had 4 spell levels left.
You didn't know any spells.
Your spell library was empty.

Dungeon Overview and Level Annotations

Branches:
Dungeon (3/15)

Altars:
Vehumet

Annotations:
D:2 1 exclusion
D:3 Grinder


Innate Abilities, Weirdness & Mutations

You are resistant to torment.
Your stone body is resilient. (AC +4)
You are immune to poison.
You resist negative energy. (rN+)
You are resistant to electric shocks. (rElec)
You can survive without breathing.
You are immune to petrification.
You are immune to rotting.


Message History

You closely miss Grinder.
Grinder is almost dead.
Grinder completely misses you.
You completely miss Grinder.
Grinder is almost dead.
Grinder gestures at you.
You suddenly lose the ability to move!
Grinder gestures at you. Pain shoots through your body! Grinder hits you.
* * * LOW HITPOINT WARNING * * *
You writhe in agony.
* * * LOW HITPOINT WARNING * * *
You can move again.
You hit Grinder.
Grinder is almost dead.
You are no longer berserk.
You are exhausted.
You feel yourself slow down. Grinder hits you.
You die...

#....#
#...>#
#...)#
#....#
#....#
#....#
#....###
####...###
##@...#
#5†#.#
...# #
.#...
#.###.# #
.# .# ##


You could see Grinder.

Vanquished Creatures
  Crazy Yiuf (D:2)
  6 adders
  A gnoll (D:1)
  4 worms (D:2)
  A leopard gecko (D:3)
  3 giant cockroaches
  A goblin (D:2)
  8 hobgoblins
  2 jackals (D:2)
  A quokka (D:3)
  A ball python (D:3)
  7 bats
  A frilled lizard (D:3)
  3 kobolds
  7 rats
47 creatures vanquished.

Notes
Turn   | Place    | Note
-------+----------+-------------------------------------------
     0 | D:1      | Fang the Gargoyle Berserker began the quest for the Orb.
     0 | D:1      | Reached XP level 1. HP: 14/14 MP: 1/1
     3 | D:1      | Noticed an electric eel
     3 | D:1      | Noticed an electric eel
   155 | D:1      | Reached XP level 2. HP: 19/19 MP: 2/2
   720 | D:2      | Found a radiant altar of Vehumet.
   817 | D:2      | Reached XP level 3. HP: 14/24 MP: 3/3
  1647 | D:2      | Reached ** piety under Trog
  1763 | D:2      | Found a runed door.
  1767 | D:2      | Noticed Crazy Yiuf
  1772 | D:2      | Killed Crazy Yiuf
  1772 | D:2      | Reached XP level 4. HP: 27/29 MP: 0/4
  1878 | D:3      | Reached skill level 1 in Stealth
  2270 | D:3      | Reached XP level 5. HP: 21/33 MP: 5/5
  2714 | D:3      | Noticed Grinder
  2720 | D:3      | Paralysed by Grinder for 7 turns
  2735 | D:3      | Paralysed by Grinder for 2 turns
  2738 | D:3      | Slain by Grinder

Skill      XL: |  1  2  3  4 |
---------------+-------------+-----
Axes           | 3 4 |  4.2
Dodging        | 2 |  2.2
Stealth        | 1 |  1.3
Fighting       | 4 |  4.1
Armour         | |  2.3

Action                   |  1- 3 |  4- 6 || total
-------------------------+-------+-------++-------
Melee: Hand axe          |   101 |    82 ||   183
Invok: Berserk           |     4 |     1 ||     5
 Stab: Sleeping          |     2 |     4 ||     6
  Eat: Chunk             |     5 |     2 ||     7
       Ration            |       |     1 ||     1
Armor: Animal skin       |    29 |    37 ||    66
Dodge: Dodged            |    54 |    56 ||   110
